 Dungeon Crawl Stone Soup version 0.28.0-53-g5a82cb258f (webtiles) character file.

Game seed: 5607843879903480344

2040 gaman008 the Skirmisher (level 9, 0/88 HPs)
             Began as a Troll Warper on June 28, 2022.
             Slain by a killer bee (3 damage)
             ... on level 7 of the Dungeon.
             The game lasted 00:47:51 (4112 turns).

gaman008 the Skirmisher (Troll Warper)              Turns: 4112, Time: 00:47:52

Health: 0/88       AC:  7    Str: 21    XL:     9   Next: 4%
Magic:  19/19      EV: 14    Int: 16    God:
Gold:   306        SH:  8    Dex: 15    Spells: 10/10 levels left

rFire   + . .      SeeInvis .   u - +9 spear "Killer Klown's Bane" {pain, +Blink Int+7 Dex+2 Stlth-}
rCold   + . .      Faith    .   q - +0 kite shield
rNeg    . . .      Spirit   .   F - +0 steam dragon scales
rPois   +          Reflect  .   (helmet restricted)
rElec   +          Harm     .   (no cloak)
rCorr   +          Rampage  .   (gloves unavailable)
Will    .....                   (boots unavailable)
Stlth   +.........              h - amulet of the acrobat
HPRegen 1.04/turn               f - ring of magical power
MPRegen 0.16/turn               a - +4 ring of evasion

@: lethally poisoned (0 -> -1), resistant
A: large, unfitting armour, claws 3, regeneration 1, shaggy fur 1, tough skin 1
a: Evoke Blink


You were on level 7 of the Dungeon.
You visited 1 branch of the dungeon, and saw 7 of its levels.
You also visited: Sewer.

You collected 306 gold pieces.

Inventory:

Hand Weapons
 j - a +1 antimagic dagger
 l - a +0 dagger of venom
 u - the +9 spear "Killer Klown's Bane" (weapon) {pain, +Blink Int+7 Dex+2 Stlth-}
   (You found it on level 6 of the Dungeon)

   In the hands of one skilled in necromantic magic, it inflicts extra damage on
   living creatures.
   Int:       It affects your intelligence (+7).
   Dex:       It affects your dexterity (+2).
   +Blink:    It lets you blink.
   Stlth:     It makes you less stealthy.
 D - a +2 vampiric short sword
Missiles
 c - 3 boomerangs of dispersal (quivered)
 e - 93 stones
 i - 4 silver boomerangs
 m - 4 boomerangs
Armour
 q - a +0 kite shield (worn)
 F - +0 steam dragon scales (worn)
Jewellery
 a - a +4 ring of evasion (right claw)
 f - a ring of magical power (left claw)
 h - an amulet of the acrobat (around neck)
 n - a ring of wizardry
 v - a +4 ring of evasion
Wands
 b - a wand of mindburst (14)
 x - a wand of iceblast (8)
Scrolls
 d - 5 scrolls of identify {unknown}
 k - 4 scrolls of magic mapping {unknown}
 o - 2 scrolls of teleportation {unknown}
 r - a scroll of fog {unknown}
 s - a scroll of noise {unknown}
 y - 2 scrolls of blinking
 z - a scroll of holy word {unknown}
 E - 2 scrolls of silence {unknown}
Potions
 p - a potion of resistance
 t - a potion of degeneration {unknown}
 w - a potion of flight {unknown}
 A - a potion of haste {unknown}
 B - a potion of brilliance {unknown}
 C - a potion of heal wounds {unknown}


   Skills:
 * Level 5.0 Fighting
 + Level 3.6(3.7) Short Blades
 + Level 0.7(2.3) Long Blades
 + Level 2.4 Polearms
 - Level 0.9 Throwing
 + Level 4.7 Dodging
 * Level 2.9 Stealth
 + Level 1.9 Shields
 + Level 3.4 Unarmed Combat
 - Level 1.4 Spellcasting
 - Level 2.4 Translocations


You had 10 spell levels left.
You didn't know any spells.
Your spell library contained the following spells:

 Spells                   Type           Power      Damage    Failure   Level
 Blink                    Tloc           18%        N/A       30%         2
 Shock                    Conj/Air       4%         1d3       50%         1
 Gell's Gravitas          Tloc           9%         N/A       52%         3
 Lesser Beckoning         Tloc           9%         N/A       52%         3
 Teleport Other           Tloc           9%         N/A       52%         3
 Ozocubu's Armour         Ice            1%         N/A       86%         3
 Swiftness                Air            1%         N/A       86%         3
 Airstrike                Air            0%         N/A       99%         4
 Manifold Assault         Tloc           9%         N/A       99%         5
 Ozocubu's Refrigeration  Ice            0%         4d5       100%        7


Dungeon Overview and Level Annotations

Branches:
Dungeon (7/15)              Sewer (visited)
 Temple: D:4-7

Altars:
The Shining One

Shops:
D:3 :


Innate Abilities, Weirdness & Mutations

You are too large for most types of armour.
You have claws for hands.
Your natural rate of healing is unusually fast.
You are covered in fur. (AC +1)
You have tough skin. (AC +1)


Message History

You feel very sick. The killer bee misses you.
You feel very sick.
Aiming: Iceblast
Press: ? - help, Q - select action, (/) - cycle Shift-Dir - straight line, f - killer bee
Aim: a killer bee That beam is likely to hit you.
Continue anyway?
Okay, then.
Aiming: Iceblast
Press: ? - help, Q - select action, (/) - cycle Shift-Dir - straight line, f/p - killer bee
Aim: a killer bee
Okay, then.
It was a potion of resistance.
You feel protected.
You feel sick. You block the killer bee's attack.
The killer bee barely misses you.
You puncture the killer bee!
You kill the killer bee!
You feel sick. The killer bee stings you.
* * * LOW HITPOINT WARNING * * *
You have reached level 9!
Your experience leads to an increase in your attributes!
Your base attributes are Str 20, Int 9, Dex 11.
Increase (S)trength, (I)ntelligence, or (D)exterity?
Uppercase letters only, please.
You feel agile. x2; You feel stronger.
You drop 20 stones.
You feel sick. You block the killer bee's attack.
The killer bee stings you but does no damage.
You puncture the killer bee!
The killer bee is heavily wounded.
You feel sick. The killer bee barely misses you.
You block the killer bee's attack. The killer bee barely misses you.
You puncture the killer bee!
You kill the killer bee!
You feel sick. The killer bee stings you.
* * * LOW HITPOINT WARNING * * *
You closely miss the killer bee.
You feel sick.
The killer bee stings you but does no damage.
The killer bee stings you.
You die...

..# .###.#. #.# #.##
.#..... #.# #..
.#.#.#. #.# ...
....... #.. ##.# #.#
...#.# #.. ... #.#
..... #.# #.#
###.#####..##.#
####.#
#.###y............##
#....##
#..@yy..####.$......
#.#...## #.#######
##..#####
.......#######.#
#>...
#..........>...#
#####
##.............#
##...##########
##.## #.# #.#


You could see 3 killer bees.

Vanquished Creatures
  Maggie (D:7)
  Grinder (D:5)
  A black bear (D:6)
  An ogre (D:4)
  A centaur (D:6)
  3 kobold brigands
  A bullfrog (D:6)
  3 scorpions
  A water moccasin zombie (D:5)
  A water moccasin skeleton (D:4)
  2 killer bees (D:7)
  A howler monkey (D:6)
  A hound (D:4)
  3 orc priests
  A bullfrog skeleton (D:4)
  A centaur skeleton (D:7)
  A scorpion zombie (D:5)
  4 iguanas
  2 orc wizards
  4 gnolls (D:6)
  A howler monkey skeleton (D:6)
  8 adders
  A river rat (Sewer)
  A white imp (D:5)
  2 ufetubi
  A worm (Sewer)
  3 dart slugs
  16 orcs
  8 bats
  11 endoplasms
  A giant cockroach (D:1)
  13 goblins
  3 hobgoblins (D:3)
  5 kobolds
  5 quokkas
  4 ball pythons
  2 frilled lizards
  8 rats
127 creatures vanquished.

Vanquished Creatures (collateral kills)
  A ball python (D:1)
1 creature vanquished.

Grand Total: 128 creatures vanquished

Notes
Turn   | Place    | Note
-------+----------+-------------------------------------------
     0 | D:1      | gaman008 the Troll Warper began the quest for the Orb.
     0 | D:1      | Reached XP level 1. HP: 19/19 MP: 1/1
   104 | D:1      | Reached XP level 2. HP: 27/27 MP: 3/3
   516 | D:2      | Reached XP level 3. HP: 32/33 MP: 4/4
   711 | D:3      | Found Ricsesh's Book Boutique.
   824 | D:3      | Found a faded altar of an unknown god.
  1150 | D:3      | Reached XP level 4. HP: 42/42 MP: 5/5
  1557 | D:4      | Noticed a scorpion
  1566 | D:4      | Killed a scorpion
  1567 | D:4      | Reached skill level 2 in Fighting
  1583 | D:4      | Reached XP level 5. HP: 32/49 MP: 6/6
  1592 | D:4      | Reached skill level 1 in Short Blades
  1592 | D:4      | Reached skill level 1 in Stealth
  1656 | D:4      | Noticed an ogre
  1708 | D:4      | Reached XP level 6. HP: 59/59 MP: 7/7
  1787 | D:4      | Reached skill level 3 in Fighting
  1901 | D:4      | Found a glowing golden altar of the Shining One.
  1909 | D:4      | Became a worshipper of the Shining One
  1966 | D:5      | Entered Level 5 of the Dungeon
  2023 | D:5      | Reached XP level 7. HP: 18/67 MP: 8/8
  2643 | D:5      | Noticed Grinder
  2666 | D:5      | Paralysed by Grinder for 5 turns
  2686 | D:5      | Paralysed by Grinder for 2 turns
  2691 | D:5      | Killed Grinder
  2848 | D:6      | Reached skill level 4 in Fighting
  2931 | D:6      | Reached XP level 8. HP: 34/78 MP: 6/9
  2987 | D:6      | Reached skill level 1 in Shields
  3007 | D:6      | Identified the +9 spear "Killer Klown's Bane" {pain, +Blink
                  | Int+7 Dex+2 Stlth-}
  3044 | D:6      | Was placed under penance by the Shining One
  3206 | D:6      | Fell from the grace of the Shining One
  3301 | D:6      | Found a glowing drain.
  3308 | Sewer    | Entered a sewer
  3815 | D:7      | Reached skill level 1 in Polearms
  3923 | D:7      | Noticed Maggie
  3948 | D:7      | Killed Maggie
  3949 | D:7      | Reached skill level 5 in Fighting
  4108 | D:7      | HP: 3/80 [killer bee (5)]
  4109 | D:7      | Reached XP level 9. HP: 3/88 MP: 10/10
  4112 | D:7      | Slain by a killer bee

Illustrated notes

Levels and vault maps discovered:
D:1:      psy_arrival_basics, layout_basic
D:2:      layout_loops_ring, basic_altar, hangedman_glass_teeth,
          minmay_strange_pillars
D:3:      cheibrodos_greedy_goblins, layout_basic, serial_shops, shop_coins,
          hellmonk_ecumenical_altar_zigzags, kennysheep_donut
D:4:      minmay_angry_zag, layout_cave_pools, pf_just_have_faith
D:5:      layout_loops_ring, serial_rivers, chequers_serial_rivers_room_b,
          chequers_serial_rivers_small_b, chequers_serial_rivers_micro_b,
          chequers_serial_rivers_micro_a, chequers_serial_rivers_large_a,
          dk_rats_in_the_wall, uniq_grinder
D:6:      layout_rooms, gup_sewer_entry_bubbles, columned_hall_lemuel
D:7:      layout_loops_ring, temple_green, nicolae_shop_fire_sale
          [nicolae_sub_dead_trees], uniq_maggie

Skill      XL: |  1  2  3  4  5  6  7  8 |
---------------+-------------------------+-----
Dodging        | 2 3 4 |  4.7
Unarmed Combat | 3 |  3.4
Fighting       | 2 3 4 5 |  5.0
Short Blades   | 1 2 3 |  3.6
Stealth        | 1 2 |  2.9
Shields        | 1 |  1.9
Polearms       | 2 |  2.4
Long Blades    | |  0.7
Throwing       | |  0.9
Spellcasting   | |  1.4
Translocations | |  2.4

Action                   |  1- 3 |  4- 6 |  7- 9 || total
-------------------------+-------+-------+-------++-------
Melee: Unarmed           |    91 |       |       ||    91
       Punch             |     3 |     6 |       ||     9
       Falchion          |    19 |       |       ||    19
       Dagger            |    15 |   216 |   212 ||   443
       Spear             |       |       |   122 ||   122
Throw: Boomerang         |     2 |       |       ||     2
  Use: Scroll            |     2 |       |     2 ||     4
       Potion            |       |       |     2 ||     2
Armor: Robe              |    46 |    25 |    50 ||   121
       Steam dragon scal |       |       |     9 ||     9
Dodge: Dodged            |   119 |   185 |   243 ||   547
Block: Kite shield       |       |       |   120 ||   120
